 Dungeon Crawl Stone Soup version 0.23.2-1-ga50397a (webtiles) character file.

Game seed: 4389767077316673407

206 grenoire the Chopper (level 5, -4/51 HPs)
             Began as a Hill Orc Berserker on May 4, 2019.
             Was a Priest of Trog.
             Killed from afar by an orc wizard (7 damage)
             ... with a magic dart
             ... on level 3 of the Dungeon.
             The game lasted 00:08:46 (3662 turns).

grenoire the Chopper (Hill Orc Berserker)           Turns: 3662, Time: 00:08:47

Health: -4/51      AC: 11    Str: 23    XL:     5   Next: 84%
Magic:  5/5        EV:  7    Int: 12    God:    Trog [***...]
Gold:   202        SH:  0    Dex: 13    Spells: 4/4 levels left

rFire    . . .     SeeInvis .   a - +0 hand axe
rCold    . . .     Gourm    .   (no shield)
rNeg     . . .     Faith    .   p - +0 plate armour
rPois    .         Spirit   .   (no helmet)
rElec    +         Reflect  .   (no cloak)
rCorr    .         Harm     .   (no gloves)
MR       .....                  (no boots)
Stlth    ..........             h - amulet of rage
HPRegen  0.17/turn              e - +3 ring of dexterity
MPRegen  0.09/turn              d - ring of stealth

@: brilliant
A: robust 1, electricity resistance, strong 1
a: Berserk, Trog's Hand, Renounce Religion, Evoke Berserk Rage


You were on level 3 of the Dungeon.
You worshipped Trog.
Trog was most pleased with you.
You were not hungry.

You visited 1 branch of the dungeon, and saw 3 of its levels.

You collected 202 gold pieces.

Inventory:

Hand Weapons
 a - a +0 hand axe (weapon)
Armour
 p - a +0 plate armour (worn)
Jewellery
 d - a ring of stealth (right hand)
 e - a +3 ring of dexterity (left hand)
 h - an amulet of rage (around neck)
Scrolls
 b - a scroll of amnesia {unknown}
 g - a scroll of remove curse
 i - a scroll of fog {unknown}
 j - 4 scrolls of identify {unknown}
 k - 3 scrolls of blinking {unknown}
 m - a scroll of enchant weapon {unknown}
 n - a scroll of teleportation {unknown}
 o - a scroll of magic mapping {unknown}
Potions
 l - 2 potions of brilliance
Comestibles
 c - 2 rations


   Skills:
 + Level 4.8 Fighting
 + Level 6.0 Axes
 + Level 2.5 Armour
 + Level 2.7 Dodging
 + Level 1.1 Stealth


You had 4 spell levels left.
You didn't know any spells.
Your spell library was empty.

Dungeon Overview and Level Annotations

Branches:
Dungeon (3/15)

Altars:


Innate Abilities, Weirdness & Mutations

You are robust. (+10% HP)
You are resistant to electric shocks. (rElec)
Your muscles are strong. (Str +2)


Message History

The orc hits you but does no damage.
The orc wizard mumbles some strange words.
The orc wizard blinks!
The orc hits you but does no damage.
You feel sick.
You are no longer poisoned.
The orc wizard points at you and mumbles some strange words.
The magic dart hits you but does no damage.
A rat comes into view.
You hit the orc.
The orc is heavily wounded.
You hit the orc wizard.
The orc wizard hits you but does no damage.
The orc hits you but does no damage.
You closely miss the orc.
The orc is heavily wounded.
You hit the orc wizard.
The orc wizard gestures at you while chanting.
The magic dart hits you!
You die...

#..###..#...#..# #..#
#... #...<.....#####..#
##..##..#..............
#......#.....######..#
#..#..#............†)
#...o................
##....o.....######...
#..oo###.#.# #... .
#..@...#.#..# #...
...#....#.#.##+# #..#
.r..........##.## #...
#...##...#.###...##
#..# ....
#...#.##.....###..# ##.
#...#...).8.......# .
#...#.###...###....
#...#...#...# ..#
#...#.###.>.# #..


You could see 2 orc wizards, 2 orcs and a rat.

Vanquished Creatures
  A worker ant (D:3)
  7 adders
  A shadow imp (D:3)
  3 oozes
  4 worms
  A dart slug (D:1)
  2 leopard geckos
  4 orcs (D:3)
  6 bats
  2 giant cockroaches
  7 hobgoblins
  8 jackals
  10 kobolds
  A quokka (D:3)
  A ball python (D:3)
  5 frilled lizards
  10 goblins
  8 rats
81 creatures vanquished.

Notes
Turn   | Place    | Note
-------+----------+-------------------------------------------
     0 | D:1      | grenoire the Hill Orc Berserker began the quest for the
                  | Orb.
     0 | D:1      | Reached XP level 1. HP: 19/19 MP: 1/1
    52 | D:1      | Reached XP level 2. HP: 21/27 MP: 2/2
   500 | D:1      | Reached XP level 3. HP: 32/33 MP: 3/3
  1064 | D:1      | Reached ** piety under Trog
  1456 | D:2      | Reached skill level 5 in Axes
  1678 | D:2      | Reached XP level 4. HP: 38/41 MP: 4/4
  3322 | D:3      | Reached XP level 5. HP: 47/47 MP: 5/5
  3495 | D:3      | Reached skill level 1 in Stealth
  3627 | D:3      | Reached *** piety under Trog
  3627 | D:3      | Reached skill level 6 in Axes
  3655 | D:3      | Gained mutation: You are robust. (+10% HP) [potion of
                  | mutation]
  3655 | D:3      | Gained mutation: Your muscles are strong. (Str +2) [potion
                  | of mutation]
  3655 | D:3      | Gained mutation: You are resistant to electric shocks.
                  | (rElec) [potion of mutation]
  3662 | D:3      | Killed from afar by an orc wizard

Skill      XL: |  1  2  3  4  5 |
---------------+----------------+-----
Fighting       | 4 |  4.8
Dodging        | 2 |  2.7
Axes           | 5 6 |  6.0
Stealth        | 1 |  1.1
Armour         | |  2.5

Action                   |  1- 3 |  4- 6 || total
-------------------------+-------+-------++-------
Melee: Hand axe          |   120 |   179 ||   299
Invok: Berserk           |       |     1 ||     1
  Use: Potion            |     2 |     2 ||     4
       Scroll            |       |     1 ||     1
 Stab: Sleeping          |     1 |     3 ||     4
  Eat: Ration            |     1 |     2 ||     3
Armor: Animal skin       |    28 |    16 ||    44
       Skin              |     6 |       ||     6
       Plate armour      |       |    38 ||    38
       Ring mail         |       |    17 ||    17
Dodge: Dodged            |    77 |   103 ||   180
